AoeStats
← feso

Arena

508543828Analyzed
1v1 RM · 10d ago on Sep 23, 2026· 59m 8s· 2 players
Game mode
Random Map
Map size
Tiny (2 player)
Population
200
Speed
Normal
Resources
Standard
Victory
Conquest
Starting age
Dark Age
Ending age
Imperial Age
RankedLock teamsTeams togetherTeam positionsShared explorationLock speedFull tech treeHidden civsTurbo modeCheats
Victory
Defeat
🇦🇷 Gurjaras · Argentina
569
+13
🇪🇸 Byzantines · Spain
509
-13
feso
10:50 Feudal Age
11:24 Double-Bit Axe
14:33 Loom
16:57 Castle Age
18:07 Bow Saw
18:18 Gold Mining
19:13 Stone Mining
22:44 Horse Collar
23:37 Loom
27:40 Fletching
27:56 Scale Barding Armor
28:37 Bodkin Arrow
30:04 Heavy Plow
31:05 Bloodlines
31:10 Town Watch
32:00 Wheelbarrow
34:32 Imperial Age
32:45 Forging
35:11 Iron Casting
34:57 Chain Barding Armor
40:37 Kshatriyas
41:21 Town Patrol
41:27 Heavy Camel Rider
45:09 Elite Chakram Thrower
47:10 Scale Mail Armor
48:29 Sanctity
48:11 Devotion
49:33 Siege Elephant
52:23 Illumination
52:19 Heresy
53:55 Chemistry
53:08 Masonry
52:57 Murder Holes
53:14 Fortified Wall
55:45 Elite Shrivamsha Rider
57:49 Chain Mail Armor
roberthg8757
0:50 Loom
11:54 Feudal Age
12:28 Double-Bit Axe
15:23 Horse Collar
15:39 Stone Mining
16:12 Gold Mining
21:30 Castle Age
19:44 Fletching
22:07 Forging
21:45 Elite Skirmisher
21:49 Crossbowman
22:27 Bodkin Arrow
23:18 Bow Saw
26:08 Stone Shaft Mining
26:15 Wheelbarrow
26:59 Gold Shaft Mining
27:05 Pikeman
27:54 Padded Archer Armor
31:16 Hand Cart
35:20 Imperial Age
34:04 Heavy Plow
36:09 Husbandry
36:17 Scale Barding Armor
38:10 Bracer
39:09 Elite Skirmisher
39:18 Light Cavalry
39:18 Cavalier
39:23 Heavy Camel Rider
39:40 Halberdier
41:16 Iron Casting
41:02 Onager
46:52 Chemistry
45:48 Murder Holes
45:57 Scale Mail Armor
45:45 Hussar
46:53 Chain Barding Armor
Connection lost

Rejoining the realm…

Still unreachable

The connection could not be restored.

Session expired

The server has moved on; the page needs a fresh start.